 Dungeon Crawl Stone Soup version 0.16.2-12-gd0ad4c3 (webtiles) character file.

2111 dearth the Fighter (level 9, -27/86 HPs)
             Began as a Minotaur Fighter on Aug 6, 2016.
             Was a Follower of Okawaru.
             Annihilated by a lorocyproca (37 damage)
             ... on level 1 of the Abyss on Aug 7, 2016.
             The game lasted 00:26:59 (6280 turns).

dearth the Fighter (Minotaur Fighter)               Turns: 6280, Time: 00:27:00

Health: -27/86     AC:  6    Str: 23      XL:     9   Next: 8%
Magic:  0/4        EV:  7    Int:  5      God:    Okawaru [*.....]
Gold:   191        SH:  9    Dex: 10 (11) Spells: 0 memorised, 8 levels left

rFire  . . .     SeeInvis .     a - +2 flail (drain)
rCold  + . .     Clarity  .     b - +0 scale mail
rNeg   . . .     SustAb   .     c - +0 shield
rPois  .         Gourm    .     (helmet restricted)
rElec  .         Spirit   .     (no cloak)
rCorr  .         Warding  .     (no gloves)
rMut   .         Stasis   .     (no boots)
MR     .....                    (no amulet)
Stlth  ..........               (no ring)
                                t - ring of protection from cold

@: not resistant to hostile enchantments, extremely unstealthy
A: retaliatory headbutt, horns 2, blurry vision 1
a: Heroism, Renounce Religion


You were on level 1 of the Abyss.
You worshipped Okawaru.
Okawaru was aware of your devotion.
You were very hungry.

You visited 2 branches of the dungeon, and saw 8 of its levels.
You visited the Abyss 1 time.
You also visited: Sewer.

You collected 191 gold pieces.

Inventory:

Hand weapons
 a - a +2 flail of draining (weapon)
Armour
 b - a +0 scale mail (worn)
 c - a +0 shield (worn)
Jewellery
 t - a ring of protection from cold (left hand)
Magical devices
 w - a wand of cold (12)
 y - a wand of polymorph (9)
 B - a wand of heal wounds (9)
Scrolls
 f - 7 scrolls of teleportation
 l - a scroll of identify
 o - 2 scrolls of remove curse
 z - 2 scrolls of fear
Potions
 e - 2 potions of mutation {unknown}
 h - a potion of curing
 j - a potion of invisibility
 m - a potion of magic
 p - a potion of cure mutation
 q - 2 potions of haste
 r - 2 potions of brilliance
 v - 2 potions of heal wounds
Comestibles
 d - 2 bread rations
 i - 2 beef jerkies
 k - 2 meat rations
 s - a slice of pizza


   Skills:
 + Level 10.7 Fighting
 + Level 10.2 Maces & Flails
 - Level 3.6 Armour
 - Level 3.6 Shields


You had 8 spell levels left.
You didn't know any spells.

Dungeon Overview and Level Annotations

Branches:
Dungeon (7/15)             Temple (1/1) D:5

Altars:
Elyvilon
Okawaru


Innate Abilities, Weirdness & Mutations

You reflexively headbutt those who attack you in melee.
You have a pair of horns on your head.
Scrolls take you a little longer to read.


Message History

The neqoxec gestures at you.
Strange energies course through your body.
Your vision blurs.
The neqoxec gestures.
The neqoxec gestures at you.
Something tries to feed on your intellect!
The neqoxec gestures at you.
Something tries to feed on your intellect!
The crimson imp blinks!
Something hits you!!
* * * LOW HITPOINT WARNING * * *
You feel your power leaking away.
Deactivating autopickup; reactivate with Ctrl-A.
You closely miss something. The crimson imp barely misses you.
You miss something. Something hits you but does no damage.
The crimson imp hits you but does no damage.
Something hits you but does no damage.
Unknown command.
Something hits you!!!
You die...

#.# .# .... ##. ..####
##.. # #.#..#. .#.# # #
#..#.##.. ##.#.
#.#..#.###
#......5#..3...### .##.
#.##.#..5@.# .....
..##.....{#.......
..#..##.#.#..###.#.#..#
..#. #3#...## #..# . #.
. #.#.... ..# #.
....Z#.#.. .#
.....###.#..## #. #...
...##. . ## .# ##


You could see a neqoxec and a crimson imp.

Vanquished Creatures
  Grinder (D:6)
  Eustachio (D:5)
  An orc warrior (D:6)
  A black bear (D:5)
  3 ice beasts
  A phantom (D:4)
  Duvessa (D:6)
  Blork the orc (D:6)
  3 giant frogs (D:6)
  2 scorpions
  Dowan (D:6)
  A goliath beetle (D:7)
  A centaur zombie (D:6)
  A crimson imp (D:5)
  3 jellies
  Crazy Yiuf (D:5)
  3 orc priests (D:4)
  2 worker ants
  4 orc wizards
  4 gnolls
  11 adders
  4 worms
  An adder skeleton (D:4)
  3 giant geckos
  2 oozes
  22 orcs
  7 ball pythons
  2 bat zombies
  8 giant cockroaches
  10 goblins
  7 hobgoblins
  14 jackals
  3 quokkas
  7 bats
  6 giant newts
  A jackal zombie (D:5)
  12 kobolds
  16 rats
  A plant (Sewer)
173 creatures vanquished.

Notes
Turn   | Place    | Note
--------------------------------------------------------------
     0 | D:1      | dearth, the Minotaur Fighter, began the quest for the Orb.
     0 | D:1      | Reached XP level 1. HP: 19/19 MP: 1/1
   145 | D:1      | Reached skill level 4 in Fighting
   145 | D:1      | Reached XP level 2. HP: 17/27 MP: 1/1
   751 | D:1      | Reached XP level 3. HP: 33/33 MP: 2/2
  1332 | D:2      | Reached XP level 4. HP: 38/41 MP: 2/2
  1341 | D:2      | Reached skill level 5 in Fighting
  2270 | D:4      | Reached XP level 5. HP: 37/49 MP: 2/2
  2465 | D:4      | Reached skill level 6 in Fighting
  2465 | D:4      | Reached skill level 5 in Maces & Flails
  2924 | D:4      | Reached XP level 6. HP: 56/58 MP: 3/3
  3056 | D:4      | Found a white marble altar of Elyvilon.
  3439 | D:4      | Noticed a phantom
  3463 | D:4      | Killed a phantom
  3463 | D:4      | Reached skill level 7 in Fighting
  3516 | D:5      | Entered Level 5 of the Dungeon
  3551 | D:5      | Found a glowing drain.
  3576 | D:5      | Reached XP level 7. HP: 52/66 MP: 3/3
  3799 | D:5      | Noticed Eustachio
  3814 | D:5      | Killed Eustachio
  3814 | D:5      | Reached skill level 8 in Fighting
  3852 | Sewer    | Entered a sewer
  4816 | D:5      | Noticed Crazy Yiuf
  4829 | D:5      | Killed Crazy Yiuf
  4933 | D:5      | Found a staircase to the Ecumenical Temple.
  4954 | Temple   | Entered the Ecumenical Temple
  4965 | Temple   | Became a worshipper of Warmaster Okawaru
  5040 | D:6      | Reached XP level 8. HP: 66/77 MP: 3/3
  5062 | D:6      | Reached skill level 9 in Fighting
  5136 | D:6      | Noticed Grinder
  5149 | D:6      | Paralysed by Grinder for 6 turns
  5158 | D:6      | Killed Grinder
  5158 | D:6      | Acquired Okawaru's first power
  5382 | D:6      | Reached skill level 10 in Fighting
  5403 | D:6      | Noticed Duvessa
  5404 | D:6      | Noticed Dowan
  5426 | D:6      | Killed Duvessa
  5479 | D:6      | Killed Dowan
  5630 | D:7      | Noticed Blork the orc
  5762 | D:6      | Killed Blork the orc
  5765 | D:6      | Reached skill level 10 in Maces & Flails
  6093 | D:6      | Reached XP level 9. HP: 74/86 MP: 4/4
  6178 | D:7      | Cast into the Abyss (orc wizard)
  6185 | Abyss:1  | Noticed a fire giant simulacrum
  6262 | Abyss:1  | Gained mutation: Scrolls take you a little longer to read. [a neqoxec]
  6280 | Abyss:1  | Annihilated by a lorocyproca

Action                   |  1- 3 |  4- 6 |  7- 9 || total
-------------------------+-------+-------+-------++-------
Melee: Flail             |    74 |   157 |   306 ||   537
  Use: Potion            |       |       |    11 ||    11
       Scroll            |       |       |     9 ||     9
  Eat: Chunk             |     1 |     7 |     7 ||    15
       Royal jelly       |       |       |     1 ||     1
